Map: Purity and Industry LE

Players

ELCID - Winner!

  • Race: Protoss Protoss
  • League: Diamond
  • Spawn Location: 3:00

GeneralBlack

  • Race: Terran Terran
  • League: Diamond
  • Spawn Location: 12:00

VOD

Have the link to the VOD?

Description

fast 3 CC opening with a drilling claws widowmine drop. 3 Widowmines with claws @~5:30

Time

  • Played on: April 27, 2020, 10:54 a.m.
  • Length: 29:20
Show
View Real Time Build Order
Export as new Build Order

ELCID Protoss - Winner!

Build Orders: 1 Gate Expand, Zealot Archon, Dark Templar Rush 

Get SALT Encoding   

  12  0:04  Probe  
  13  0:16  Probe  
  14  0:24  Pylon  
  14  0:28  Probe  
  15  0:43  Probe (Chrono Boost), Gateway  
  16  0:53  Assimilator  
  16  0:54  Probe (Chrono Boost)  
  17  0:59  Probe (Chrono Boost)  
  18  1:09  Probe  
  19  1:21  Probe  
  20  1:32  Nexus  
  19  1:40  Cybernetics Core  
  19  1:42  Assimilator  
  19  1:43  Probe  
  20  1:55  Probe  
  20  1:58  Pylon  
  21  2:07  Probe  
  22  2:13  Stalker (Chrono Boost)  
  22  2:17  Warp Gate  
  22  2:19  Probe  
  25  2:31  Probe  
  27  2:44  Probe (Chrono Boost)  
  27  2:47  Stalker  
  27  2:48  Probe (Chrono Boost)  
  27  2:49  Twilight Council  
  30  2:56  Probe (Chrono Boost)  
  32  2:58  Probe (Chrono Boost)  
  32  3:01  Probe (Chrono Boost)  
  32  3:04  Probe (Chrono Boost)  
  34  3:14  Probe  
  34  3:16  Probe  
  34  3:17  Pylon  
  36  3:20  Gateway  
  36  3:24  Robotics Facility  
  36  3:26  Probe  
  37  3:39  Dark Shrine  
  37  3:40  Gateway  
  37  3:43  Probe x2  
  39  3:52  Gateway  
  39  3:56  Probe  
  39  3:57  Probe  
  39  3:59  Assimilator  
  39  4:02  Pylon  
  41  4:05  Pylon  
  41  4:08  Probe  
  42  4:11  Warp Prism (Chrono Boost)  
  42  4:16  Probe  
  45  4:21  Probe  
  46  4:28  Forge  
  46  4:29  Probe  
  47  4:34  Probe  
  48  4:41  Probe  
  50  4:46  Probe, Observer  
  50  4:47  Charge  
  51  4:54  Dark Templar  
  51  4:57  Dark Templar  
  55  5:01  Dark Templar  
  55  5:04  Probe x2  
  59  5:23  Assimilator  
  59  5:24  Gateway  
  59  5:27  Nexus, Gateway  
  59  5:28  Pylon  
  58  5:42  Probe x2, Photon Cannon  
  43  5:54  Probe x2  
  43  6:17  Immortal (Chrono Boost)  
  41  6:21  Probe (Chrono Boost)  
  41  6:22  Probe (Chrono Boost)  
  45  6:31  Probe x2 (Chrono Boost)  
  45  6:35  Dark Templar  
  45  6:36  Probe (Chrono Boost), Zealot, Dark Templar  
  45  6:39  Shield Battery  
  52  6:40  Archon  
  52  6:42  Probe  
  52  6:44  Probe  
  54  6:47  Probe  
  54  6:51  Zealot  
  57  6:54  Probe  
  57  6:55  Dark Templar x2  
  62  7:02  Archon  
  62  7:03  Stalker  
  62  7:05  Immortal (Chrono Boost)  
  62  7:06  Protoss Ground Armor Level 1 (Chrono Boost)  
  67  7:28  Probe x3  
  70  7:36  Templar Archives  
  70  7:37  Gateway  
  70  7:40  Probe (Chrono Boost)  
  70  7:41  Probe x2 (Chrono Boost)  
  73  7:46  Dark Templar  
  73  7:47  Dark Templar  
  77  7:53  Probe (Chrono Boost)  
  77  7:54  Probe (Chrono Boost)  
  77  7:55  Probe (Chrono Boost)  
  80  8:03  Immortal  
  84  8:06  Archon  
  84  8:07  Probe (Chrono Boost)  
  84  8:08  Zealot x2, Psionic Storm  
  84  8:10  Probe  
  84  8:12  Probe  
  91  8:19  Probe  
  92  8:29  Pylon  
  92  8:31  Probe  
  93  8:35  Pylon x2  
  93  8:45  Gateway, Photon Cannon  
  93  8:47  Probe x2  
  93  8:48  Observer  
  96  8:50  Pylon  
  96  8:54  Probe  
  92  8:57  Zealot x3  
  92  9:00  Probe, High Templar x2  
  99  9:13  Zealot  
  101  9:21  Pylon  
  101  9:27  Nexus  
  101  9:31  Protoss Ground Armor Level 2 (Chrono Boost)  
  101  9:36  Probe  
  102  9:39  Probe  
  102  9:40  High Templar  
  102  9:42  High Templar x2  
  109  9:50  Pylon  
  109  9:52  Probe, Pylon  
  110  9:55  Pylon  
  110  10:05  Pylon  
  110  10:08  Probe  
  110  10:10  Pylon  
  110  10:11  Probe  
  112  10:16  High Templar  
  112  10:17  Zealot x3, High Templar  
  112  10:20  Probe  
  123  10:25  Immortal (Chrono Boost)  
  127  10:33  Robotics Bay  
  127  10:34  Assimilator  
  127  10:35  Probe x2  
  129  10:39  Assimilator  
  129  10:47  Probe  
  130  10:56  Pylon  
  130  10:59  Nexus  
  130  11:00  High Templar  
  130  11:01  High Templar  
  130  11:02  Zealot  
  130  11:03  Zealot  
  138  11:04  Zealot  
  140  11:21  Photon Cannon  
  140  11:22  Shield Battery  
  140  11:23  Shield Battery  
  140  11:27  Assimilator  
  140  11:31  Assimilator  
  138  11:33  Stalker  
  138  11:34  Stalker x4  
  134  11:45  Stalker x2  
  118  11:52  Protoss Ground Weapons Level 1 (Chrono Boost)  
  118  11:56  Probe x2  
  118  11:57  Probe  
  121  12:07  Photon Cannon  
  121  12:09  High Templar  
  121  12:10  Forge  
  121  12:13  Photon Cannon  
  123  12:24  Photon Cannon  
  123  12:27  Photon Cannon  
  123  12:29  Shield Battery, Colossus (Chrono Boost)  
  123  12:30  Extended Thermal Lance  
  123  12:32  Gateway, Protoss Ground Armor Level 3 (Chrono Boost)  
  123  12:36  Zealot  
  129  12:52  Stalker, Zealot  
  129  12:54  High Templar  
  129  12:55  High Templar  
  137  12:59  Archon  
  137  13:02  Zealot x2  
  137  13:04  High Templar x2  
  145  13:08  Archon  
  145  13:13  Disruptor (Chrono Boost)  
  148  13:32  Disruptor  
  148  13:45  Zealot x2  
  148  13:46  Zealot x6  
  167  13:50  Protoss Ground Weapons Level 2 (Chrono Boost)  
  167  13:56  Gateway  
  167  13:58  Gateway  
  167  14:02  Dark Templar  
  169  14:03  Gateway  
  169  14:06  Dark Templar x2  
  169  14:07  Zealot  
  169  14:08  Zealot  
  153  14:26  Archon  
  153  14:29  Archon  
  153  14:30  Zealot, High Templar x2  
  153  14:31  Zealot x3  
  145  14:58  Disruptor  
  148  15:04  Robotics Facility  
  148  15:13  Pylon  
  148  15:14  Pylon  
  148  15:15  Pylon  
  148  15:18  Photon Cannon  
  148  15:21  Photon Cannon  
  148  15:24  Photon Cannon  
  148  15:25  Stargate  
  147  15:30  Stargate  
  147  15:32  Stargate  
  147  15:39  Zealot  
  147  15:40  Zealot x2  
  147  15:41  Zealot  
  147  15:42  Stalker x4, Zealot  
  157  16:18  High Templar x2  
  157  16:19  Zealot x6  
  157  16:20  Zealot  
  157  16:21  Disruptor (Chrono Boost)  
  179  16:31  Disruptor (Chrono Boost)  
  179  16:41  Protoss Ground Weapons Level 3 (Chrono Boost)  
  178  16:50  Colossus  
  184  16:57  Blink (Chrono Boost)  
  184  17:00  Observer  
  185  17:21  Nexus, Observer  
  186  17:24  Pylon  
  186  17:27  Pylon  
  182  17:46  Assimilator  
  182  17:50  Assimilator, Dark Templar  
  184  17:56  Photon Cannon  
  184  17:57  Shield Battery  
  184  18:14  Archon  
  184  18:15  Archon  
  132  18:35  Zealot  
  132  18:36  Zealot x6  
  132  18:37  Stalker x2  
  143  18:41  Colossus x2 (Chrono Boost)  
  155  18:50  Photon Cannon  
  155  18:51  Shield Battery  
  155  18:54  Shield Battery  
  155  18:56  Assimilator  
  155  19:08  Pylon  
  155  19:09  Fleet Beacon  
  155  19:12  Photon Cannon  
  155  19:14  Pylon  
  155  19:18  Gateway  
  155  19:19  Gateway  
  155  19:21  Gateway  
  155  19:23  Gateway, High Templar x3  
  159  19:24  High Templar  
  161  19:32  Pylon  
  161  19:51  Dark Templar x3  
  161  19:52  Zealot x2  
  171  19:58  Observer  
  169  20:09  Photon Cannon  
  169  20:13  Observer  
  168  20:42  Nexus  
  165  20:44  High Templar  
  165  20:45  High Templar  
  167  20:57  Oracle  
  167  20:58  Tempest x2  
  174  21:12  High Templar x3  
  148  21:27  Immortal  
  148  21:28  Immortal  
  160  21:40  Tempest  
  160  21:41  Tempest  
  160  21:42  Tempest  
  164  21:56  Stalker x3  
  164  21:57  Stalker x2  
  172  22:03  Archon  
  172  22:08  Probe x3  
  173  22:18  Assimilator  
  173  22:20  Probe x3  
  176  22:23  Photon Cannon  
  176  22:24  Photon Cannon  
  176  22:26  Shield Battery  
  176  22:28  Immortal  
  176  23:03  Pylon  
  175  23:24  Photon Cannon  
  175  23:28  Assimilator  
  175  23:32  Assimilator  
  175  23:33  High Templar  
  177  23:36  High Templar  
  178  23:43  Probe  
  179  24:13  Tempest  
  179  24:16  High Templar  
  184  24:17  Stalker x2  
  184  24:22  Nexus  
  188  24:53  Stalker x3  
  188  24:54  Stalker, Zealot  
  188  24:55  Zealot  
  197  25:24  Observer  
  196  26:09  Zealot x4  
  196  26:10  Stalker  
  164  26:17  Stalker x2  
  164  26:18  Stalker x2  
  141  26:22  Colossus  
  141  26:23  Tempest, Colossus  
  141  26:24  Tempest x2  
  154  26:42  High Templar x2  
  154  26:43  High Templar  
  160  26:47  Zealot x4  
  160  26:48  Zealot x2  
  172  27:06  Tempest (Chrono Boost)  
  172  27:17  Observer x2  
  174  27:24  Tempest (Chrono Boost)  
  179  27:41  Oracle (Chrono Boost), Stalker x5  
  179  27:43  High Templar x2  
  196  27:44  High Templar x2  
  200  27:52  Archon  
  200  27:53  Archon  
  180  28:42  High Templar x2  
  193  28:49  Archon x2  
  193  28:50  Archon  
Show
View Real Time Build Order
Export as new Build Order

GeneralBlack Terran 

Build Orders: Reaper Expand 

Get SALT Encoding   

  12  0:00  SCV  
  13  0:12  SCV  
  14  0:17  Supply Depot  
  14  0:25  SCV  
  15  0:39  SCV, Barracks  
  16  0:44  Refinery  
  16  0:53  SCV  
  17  1:05  SCV  
  18  1:17  SCV  
  19  1:29  Reaper  
  19  1:30  Orbital Command  
  20  1:49  Command Center  
  20  1:57  SCV  
  21  2:01  Barracks Reactor  
  21  2:03  Supply Depot  
  21  2:10  SCV  
  22  2:23  SCV  
  22  2:26  Factory  
  23  2:30  Bunker  
  23  2:37  SCV  
  24  2:40  Marine x2  
  24  2:41  Refinery  
  26  2:51  SCV  
  26  2:58  Marine x2  
  29  3:01  Orbital Command  
  29  3:05  SCV  
  30  3:11  Factory Tech Lab  
  30  3:15  Armory  
  30  3:16  Marine  
  30  3:17  SCV, Marine  
  33  3:27  Starport  
  33  3:29  SCV  
  33  3:35  Marine x2  
  33  3:37  Widow Mine  
  33  3:39  SCV  
  38  3:41  SCV  
  39  3:50  Supply Depot  
  39  3:51  SCV  
  39  3:53  SCV  
  39  3:54  Marine x2  
  43  3:59  Widow Mine  
  43  4:02  Drilling Claws  
  45  4:06  SCV  
  46  4:12  SCV, Medivac  
  46  4:13  Supply Depot  
  49  4:18  SCV  
  49  4:20  Widow Mine  
  49  4:23  Marine x2  
  54  4:27  Supply Depot  
  54  4:34  SCV x2  
  56  4:41  Engineering Bay  
  56  4:42  Marine x2  
  56  4:43  Widow Mine  
  56  4:45  Starport Tech Lab  
  60  4:46  SCV  
  60  4:50  SCV  
  62  4:57  Barracks  
  62  4:58  Barracks  
  62  4:59  SCV  
  63  5:02  SCV, Marine  
  63  5:03  Marine  
  63  5:04  Widow Mine  
  63  5:07  Raven  
  68  5:09  Refinery  
  68  5:11  Supply Depot  
  70  5:15  Missile Turret  
  70  5:18  Missile Turret  
  70  5:24  Missile Turret  
  70  5:33  SCV x2, Marine  
  73  5:43  Marine  
  73  5:45  SCV x2  
  76  5:50  Marine  
  77  5:57  Terran Infantry Weapons Level 1  
  77  5:59  Siege Tank  
  77  6:00  Marine  
  72  6:08  Marine  
  66  6:26  Barracks Tech Lab  
  66  6:27  SCV x2  
  67  6:35  Marine x2, Siege Tank  
  67  6:39  SCV x2  
  74  6:50  Command Center, Missile Turret  
  74  6:52  Marine  
  74  6:54  Missile Turret  
  75  6:55  SCV x2  
  75  6:57  Marine  
  78  7:01  Stimpack  
  78  7:02  Barracks Tech Lab  
  78  7:16  Marauder  
  78  7:20  Marine  
  75  7:23  Marauder  
  75  7:24  Combat Shield  
  77  7:30  SCV  
  77  7:34  Supply Depot, Refinery  
  77  7:36  Supply Depot, Engineering Bay  
  78  7:55  Marine  
  78  7:56  SCV, Marauder x2  
  84  7:59  Terran Infantry Weapons Level 2  
  84  8:01  SCV  
  84  8:05  Terran Infantry Armor Level 1  
  85  8:08  SCV, Supply Depot  
  86  8:13  SCV, Marine  
  86  8:19  Starport Reactor  
  88  8:24  Missile Turret  
  88  8:27  SCV x2, Orbital Command  
  88  8:32  Marauder  
  92  8:39  SCV  
  92  8:40  SCV, Marine x2  
  92  8:41  Marauder  
  98  9:07  Marine  
  98  9:08  Marauder, Marine x2  
  100  9:20  Medivac x2  
  100  9:21  Barracks  
  100  9:22  Barracks  
  100  9:23  Widow Mine  
  104  9:24  Barracks  
  104  9:26  Marauder  
  104  9:31  SCV x3  
  109  9:32  Factory, Ghost Academy  
  109  9:35  Marauder, Marine x2  
  113  9:43  SCV  
  113  9:45  SCV x2  
  116  9:53  Marine  
  117  10:00  Supply Depot  
  117  10:01  Supply Depot, Marine, Widow Mine  
  117  10:03  Missile Turret  
  117  10:05  Marauder x2  
  117  10:06  Missile Turret  
  124  10:07  Medivac  
  124  10:08  Medivac  
  124  10:11  Terran Infantry Armor Level 2  
  124  10:13  Barracks Reactor  
  124  10:14  Barracks Reactor x2  
  128  10:18  SCV x3, Refinery x2  
  131  10:24  Marine  
  131  10:25  Marine  
  131  10:26  Marauder, Marine  
  131  10:27  Factory Reactor  
  131  10:28  Widow Mine  
  138  10:30  SCV, Enhanced Shockwaves  
  138  10:33  SCV x2  
  138  10:35  Supply Depot  
  141  10:42  SCV, Command Center, Marine  
  142  10:44  Marauder, Marine  
  142  10:45  SCV  
  142  10:47  Marine  
  148  10:58  Marine  
  148  11:04  Supply Depot  
  149  11:05  Widow Mine  
  149  11:06  Marauder x2  
  149  11:08  Supply Depot  
  155  11:26  Ghost x2, Marine  
  155  11:27  Marauder, Marine  
  155  11:30  Marine  
  155  11:31  SCV  
  164  11:33  SCV  
  140  11:47  Marine x6  
  126  11:49  Marauder  
  125  11:55  Ghost  
  125  11:56  Marauder  
  129  12:02  Medivac x2  
  129  12:04  SCV x2, Marine  
  129  12:05  Marine x3  
  129  12:08  Supply Depot  
  139  12:09  Terran Infantry Weapons Level 3  
  139  12:10  Marauder  
  139  12:11  Widow Mine x3  
  139  12:13  Marine  
  148  12:17  Marauder  
  148  12:20  SCV x2  
  152  12:23  SCV, Ghost  
  155  12:30  Ghost  
  155  12:32  Widow Mine x2  
  161  12:38  Ghost  
  161  12:40  Marine x6  
  169  12:50  Starport  
  169  12:52  Marauder  
  169  12:53  Planetary Fortress  
  169  12:58  Missile Turret, Marine  
  172  12:59  SCV  
  172  13:00  Marauder  
  175  13:06  Ghost  
  175  13:07  Refinery  
  175  13:10  Refinery  
  177  13:13  Ghost  
  177  13:14  Marine x2  
  177  13:17  Marine x2  
  183  13:20  Ghost  
  181  13:28  Marine x2  
  181  13:30  Viking  
  181  13:31  Viking  
  187  13:36  Marauder  
  187  13:38  Marine  
  190  13:42  Marauder  
  190  13:44  Barracks  
  190  13:47  SCV x2  
  190  13:48  SCV x2  
  196  13:49  Terran Infantry Armor Level 3  
  196  13:50  Marauder  
  196  13:52  Personal Cloaking  
  198  13:57  Marauder  
  198  13:59  SCV  
  148  14:28  Marine x7  
  148  14:29  Marauder x2  
  153  14:34  Viking x4  
  146  14:46  Marine x2  
  146  14:47  Marauder  
  146  14:50  Marauder  
  146  14:51  Marauder  
  148  15:04  Viking  
  148  15:06  Marine x6  
  156  15:07  Ghost  
  156  15:11  Ghost x2  
  162  15:16  Barracks Tech Lab  
  162  15:23  Marine  
  162  15:26  Marine x2  
  159  15:36  Ghost  
  159  15:39  Marauder, Marine x3  
  159  15:40  Marauder  
  159  15:41  Marauder  
  170  15:50  Marine x2  
  172  15:57  SCV x3, Command Center  
  172  15:59  Command Center  
  172  16:01  Marauder  
  172  16:02  Marauder x2  
  181  16:05  Marauder  
  179  16:18  Viking x4  
  179  16:19  Marine  
  179  16:22  Marauder  
  179  16:23  Marauder  
  179  16:24  Marine  
  179  16:25  Marauder  
  193  16:28  Marine  
  193  16:29  Marine x3  
  197  16:48  Viking  
  199  16:55  Neosteel Armor  
  199  16:57  Terran Ship Weapons Level 1, Fusion Core  
  199  16:58  Hi-Sec Auto Tracking  
  199  17:13  Command Center  
  197  17:49  Advanced Ballistics  
  184  18:29  Marine x3  
  184  18:30  Marauder x2, Marine x4  
  184  18:31  Marauder  
  136  18:47  Marine x2  
  136  18:48  Marauder  
  140  18:50  Widow Mine  
  140  18:51  Terran Vehicle And Ship Armor Level 1, Widow Mine x2  
  140  18:52  Marauder x3  
  140  18:55  Medivac x3  
  156  18:56  Medivac  
  156  18:57  Starport  
  160  19:09  Marauder  
  162  19:11  Planetary Fortress  
  162  19:12  Ghost x2, Widow Mine x3  
  162  19:13  Marauder  
  162  19:14  Refinery  
  162  19:15  Missile Turret  
  162  19:16  Refinery  
  174  19:17  Missile Turret  
  174  19:25  Missile Turret  
  174  19:33  Widow Mine x2  
  174  19:34  Widow Mine, Marine x8  
  188  19:41  Ghost x2  
  188  19:42  Liberator  
  188  19:43  Liberator  
  198  19:51  Ghost  
  199  20:24  Marine  
  181  21:02  Marine x5  
  181  21:03  Marauder x2  
  175  21:22  Marauder, Marine  
  175  21:23  Marauder  
  139  21:28  Marine  
  139  21:29  Marauder, Marine  
  139  21:30  Marauder, Liberator x4  
  145  21:36  Marine  
  146  21:44  Marauder x2  
  146  21:46  Marine x2  
  152  21:50  Marine  
  152  21:51  Marauder x2, Marine x2  
  145  21:54  Marine  
  146  22:03  Marine  
  146  22:04  Marine  
  146  22:05  Marauder x2  
  149  22:08  Marine  
  149  22:10  Marine  
  149  22:12  Marauder x2  
  149  22:13  Viking x4  
  163  22:23  Marine  
  163  22:24  Unknown, Marine  
  163  22:27  Marauder x2  
  173  22:30  Widow Mine x3, Terran Ship Weapons Level 2  
  175  22:43  Liberator x4  
  187  22:50  Ghost x4  
  195  22:51  Widow Mine  
  195  23:10  Planetary Fortress  
  195  23:13  Planetary Fortress, Missile Turret  
  195  23:18  Ghost  
  195  23:19  Ghost  
  199  23:32  Marine  
  200  23:39  Starport Reactor  
  187  24:19  Viking x6  
  187  24:20  Marine  
  194  24:35  Marine x4  
  193  24:49  Viking x3  
  188  25:23  SCV x2  
  188  25:26  Viking x2  
  190  25:48  Marine  
  190  25:49  Marauder x3, Marine x2  
  147  26:21  Ghost x4  
  147  26:24  Liberator x6  
  152  26:43  Marine x3  
  155  26:49  Ghost  
  155  26:50  Ghost x3  
  163  27:03  Missile Turret  
  163  27:07  Viking, Medivac x3, Liberator x2  
  168  27:18  Ghost x4  
  176  27:24  Marine x6  
  182  27:33  Refinery  
  182  27:34  Refinery  
  182  27:37  Viking, Medivac  
  182  27:38  Command Center  
  182  27:42  Marine x4  
  187  28:08  Viking x2  
  187  28:09  Viking x4  
  119  29:14  Command Center  
Tags
 
Add a new tag
Caveats
  • Supply blocks, unpowered buildings, or Contaminate may cause inaccurate times.
  • Supply counts are checked every 10 seconds.